 Dungeon Crawl Stone Soup version 0.31-a0-1469-gd420192249 (webtiles) character file.

Game seed: 17784958455150331207

257 jasper the Changeling (level 6, -5/39 HPs)
             Began as an Octopode Shapeshifter on Dec 28, 2023.
             Was an Initiate of Ru.
             Slain by a gnoll sergeant
             ... wielding a +0 spear
              (7 damage)
             ... on level 2 of the Dungeon.
             The game lasted 00:01:53 (1080 turns).

jasper the Changeling (Octopode Shapeshifter)       Turns: 1080, Time: 00:01:53

Health: -5/39      AC:  1    Str: 16    XL:     6   Next: 16%
Magic:  6/6        EV: 13    Int: 12    God:    Ru [......]
Gold:   72         SH:  5    Dex: 11    Spells: 5/5 levels left

rFire   . .          .
                       - Unarmed
rCold   . . .        (no shield)
rNeg    . . .        (helmet currently unavailable)
rPois   .            l - amulet of reflection
rElec   .            (no ring)
rCorr   .            (no ring)
SInv    .            (no ring)
Will    .....        (no ring)
Stlth   ++           (no ring)
HPRegen 0.26/turn    (no ring)
MPRegen 0.10/turn    (no ring)
                     (no ring)

%: reflection
@: beast-form
A: beast (slay +3), almost no armour, amphibious, 8 rings, camouflage 1,
gelatinous body 1, (nimble swimmer 1), tentacles
a: Begin Untransformation, Renounce Religion, Sacrifice an Eye, Sacrifice
Nimbleness, Sacrifice Health, Reject Sacrifices


You were on level 2 of the Dungeon.
You worshipped Ru.
Ru was noncommittal.
You were a hulking beast.
You visited 1 branch of the dungeon, and saw 2 of its levels.

You collected 72 gold pieces.

Inventory:

Jewellery
 l - an amulet of reflection (around mantle)
Talismans
 b - a beast talisman
 c - a flux talisman
 h - a blade talisman
Scrolls
 e - a scroll of fog {unknown}
 f - 3 scrolls of teleportation {unknown}
 g - a scroll of enchant armour {unknown}
 i - a scroll of poison {unknown}
 k - a scroll of acquirement {unknown}
Potions
 a - a potion of lignification
 d - 2 potions of heal wounds {unknown}
 j - 2 potions of might {unknown}
 m - a potion of enlightenment {unknown}


   Skills:
 - Level 1.7 Fighting
 - Level 2.4 Dodging
 - Level 3.3 Unarmed Combat
 + Level 5.7 Shapeshifting


You had 5 spell levels left.
You didn't know any spells.
Your spell library was empty.

Dungeon Overview and Level Annotations

Branches:
Dungeon (2/15)

Altars:
Ru


Innate Abilities, Weirdness & Mutations

You are a hulking beast.
Your limbs bulge with bestial killing power. (Slay +3)
You cannot wear most types of armour.
You are amphibious.
You can wear up to eight rings at the same time.
Your skin changes colour to match your surroundings (Stealth+).
Your rubbery body absorbs attacks. (AC +1, EV +1)
((You are camouflaged when in or above water. (Stealth+)))
You have tentacles for arms and can constrict up to eight enemies at once.


Message History

Found a flail.
The gnoll closely misses you.
You tentacle-slap the gnoll. Your grab misses the gnoll.
Your squeeze misses the gnoll.
The gnoll is heavily wounded.
The gnoll hits you with the +5 woodcutter's axe!
You take 16 damage, and have 23/39 hp.
MASSIVE DAMAGE!!
You tentacle-slap the gnoll. You grab the gnoll.
The gnoll is heavily wounded.
You constrict the gnoll, but do no damage.
The gnoll hits you with the +5 woodcutter's axe.
The gnoll sergeant hits you from afar with a +0 spear.
You take 10 damage, and have 13/39 hp.
MASSIVE DAMAGE!!
You tentacle-slap the gnoll but do no damage.
The gnoll is heavily wounded.
You constrict the gnoll. You block the gnoll's attack.
The gnoll sergeant closely misses you.
You tentacle-slap the gnoll.
You kill the gnoll!
The gnoll attacks as it pursues you! The gnoll hits you with a +0 club.
The gnoll sergeant attacks as it pursues you!
The gnoll sergeant closely misses you.
The gnoll sergeant attacks as it pursues you!
The gnoll sergeant barely misses you.
The gnoll sergeant attacks as it pursues you!
The gnoll sergeant barely misses you.
Things that are here:
a +0 hand axe; a gnoll corpse You barely miss the gnoll.
You grab the gnoll. You squeeze the gnoll.
The gnoll is moderately wounded.
You constrict the gnoll. The gnoll hits you with a +0 club.
* * * LOW HITPOINT WARNING * * *
The gnoll sergeant hits you from afar with a +0 spear!
* * * LOW HITPOINT WARNING * * *
You take 10 damage, and have 4/39 hp.
MASSIVE DAMAGE!!
You tentacle-slap the gnoll.
The gnoll is severely wounded.
You constrict the gnoll. The gnoll hits you with a +0 club.
* * * LOW HITPOINT WARNING * * *
The gnoll sergeant hits you from afar with a +0 spear!
You die...

♣)........♣###########
♣...!♣..♣ #.........#
♣.♣..)♣ ##.#.####.#
♣.....♣ ##.....# #..
♣♣)..♣♣ #.#.#<.# ###
♣)g.♣####...#.#
♣♣g♣♣#...).##.# ##
♣g♣#########.####.
##h##..............
#..#####.##..###...
#.## #........... #)#
####..###.>.
##.#########..# ##..
#.............# ##.
####..##########.#####.
#...).....# #...>......
#.##..###.###.#######.#


You could see a gnoll sergeant and 2 gnolls.

Vanquished Creatures
  Sigmund (D:2)
  An iguana (D:2)
  An adder (D:2)
  3 gnolls (D:2)
  A worm (D:2)
  5 goblins
  2 hobgoblins
  A quokka (D:1)
  4 ball pythons (D:2)
  A bat (D:1)
  A frilled lizard (D:2)
  3 kobolds
  5 rats
29 creatures vanquished.

Notes
Turn   | Place    | Note
-------+----------+-------------------------------------------
     0 | D:1      | jasper the Octopode Shapeshifter began the quest for the
                  | Orb.
     0 | D:1      | Reached XP level 1. HP: 13/13 MP: 1/1
    97 | D:1      | Found a faded altar of an unknown god.
   109 | D:1      | Prayed at the altar of an unknown god.
   109 | D:1      | Became a worshipper of Ru the Awakened
   453 | D:1      | Reached XP level 2. HP: 14/18 MP: 2/2
   650 | D:2      | Reached XP level 3. HP: 24/24 MP: 3/3
   808 | D:2      | Noticed Sigmund
   820 | D:2      | Killed Sigmund
   821 | D:2      | Reached skill level 5 in Shapeshifting
   821 | D:2      | Reached XP level 4. HP: 29/29 MP: 4/4
   821 | D:2      | Reached XP level 5. HP: 34/34 MP: 5/5
   836 | D:2      | Reached XP level 6. HP: 36/39 MP: 6/6
  1080 | D:2      | Slain by a gnoll sergeant

Illustrated notes

Levels and vault maps discovered:
D:1:      tarquinn_simple_flora_water_b, layout_basic, basic_ecumenical_altar
D:2:      layout_loops_ring, grunt_decor_junction, hangedman_glass_teeth,
          roderic_lattice_a, pf_guarded_unrand_woodcutter, uniq_terence,
          uniq_sigmund

Skill      XL: |  1  2  3 |
---------------+----------+-----
Shapeshifting  | 5 |  5.7
Fighting       | |  1.7
Dodging        | |  2.4
Unarmed Combat | |  3.3

Action                     |  1- 3 |  4- 6 || total
---------------------------+-------+-------++-------
  Melee: Unarmed           |    37 |    26 ||    63
         Constrict         |     8 |     8 ||    16
         Tentacles         |    10 |     4 ||    14
         Punch             |     2 |     2 ||     4
   Stab: Sleeping          |     3 |       ||     3
 Armour: Skin              |    12 |    13 ||    25
  Dodge: Dodged            |    16 |    12 ||    28
  Block: Other             |       |     4 ||     4

Table legend: (Time is in decaauts)
 A = Elapsed time spent in this place.
 B = Non-inter-level travel time spent in this place.
 C = Inter-level travel time spent in this place.
 D = Time resting spent in this place.
 E = Time spent auto-exploring this place.
 F = Levels seen in this place.
 G = Mean time per level.
                   A        B        C        D        E       F      G
               +--------+--------+--------+--------+--------+-----+--------+
         Total |   1076 |   1067 |      9 |     36 |    810 |   2 |  538.0 |
       Dungeon |   1076 |   1067 |      9 |     36 |    810 |   2 |  538.0 |
               +--------+--------+--------+--------+--------+-----+--------+

Top non-repeatable levels by time:
     D:1: 561 daAuts
     D:2: 514 daAuts
